 Dungeon Crawl Stone Soup version 0.30-a0-634-g8abc85282e (webtiles) character file.

Game seed: 16486266347937023226

200 Bnni the Purveyor of Pain (level 5, -2/38 HPs)
             Began as a Demonspawn Necromancer on Jan 14, 2023.
             Was an Initiate of Kikubaaqudgha.
             Killed from afar by an orc wizard (8 damage)
             ... with a magic dart
             ... on level 5 of the Dungeon.
             The game lasted 00:05:48 (4054 turns).

Bnni the Purveyor of Pain (Demonspawn Necromancer)  Turns: 4054, Time: 00:05:48

Health: -2/38      AC:  2    Str: 11    XL:     5   Next: 48%
Magic:  1/9        EV: 12    Int: 22    God:    Kikubaaqudgha [......]
Gold:   175        SH:  0    Dex: 13    Spells: 1/9 levels left

rFire   . . .      SeeInvis .      - Unarmed
rCold   . . .      Faith    .    (no shield)
rNeg    . . .      Spirit   .    a - +0 robe
rPois   +          Reflect  .    (no helmet)
rElec   .          Harm     .    (no cloak)
rCorr   .          Rampage  .    (no gloves)
Will    .....                    (no boots)
Stlth   ++                       (no amulet)
HPRegen 0.26/turn                e - +6 ring of intelligence
MPRegen 0.11/turn                r - ring of poison resistance

@: no status effects
A: claws 1, demonic magic 1
a: Renounce Religion


You were on level 5 of the Dungeon.
You worshipped Kikubaaqudgha.
Kikubaaqudgha was noncommittal.
You visited 1 branch of the dungeon, and saw 5 of its levels.

You collected 175 gold pieces.

Inventory:

Missiles
 i - 13 poisoned darts
Armour
 a - a +0 robe (worn)
Jewellery
 e - a +6 ring of intelligence (left claw)
 r - a ring of poison resistance (right claw)
 t - a ring of positive energy
 x - a ring of positive energy
Wands
 u - a wand of roots (10)
Scrolls
 c - a scroll of amnesia {unknown}
 d - 2 scrolls of fear {unknown}
 f - a scroll of magic mapping {unknown}
 g - 2 scrolls of blinking {unknown}
 j - a scroll of enchant armour {unknown}
 l - 2 scrolls of poison {unknown}
 o - 2 scrolls of enchant weapon {unknown}
 p - 3 scrolls of teleportation {unknown}
 v - 2 scrolls of identify {unknown}
 w - a scroll of butterflies {unknown}
Potions
 b - a potion of magic
 h - a potion of attraction {unknown}
 k - a potion of curing
 m - a potion of flight {unknown}
 n - a potion of might {unknown}
 q - a potion of berserk rage {unknown}
 s - a potion of ambrosia {unknown}


   Skills:
 + Level 2.2 Fighting
 - Level 1.7 Dodging
 - Level 1.7 Stealth
 * Level 1.8 Unarmed Combat
 + Level 2.9 Spellcasting
 * Level 5.9 Necromancy


You had one spell level left.
You knew the following spells:

 Your Spells              Type           Power      Damage    Failure   Level
a - Necrotise             Necr           100%       1d9       1%          1
c - Vampiric Draining     Necr           29%        2d8       3%          3
d - Animate Dead          Necr           29%        N/A       11%         4

Your spell library contained the following spells:

 Spells                   Type           Power      Damage    Failure   Level
 Ensorcelled Hibernation  Hex/Ice        6%         N/A       19%         2
 Agony                    Necr           29%        N/A       30%         5
 Kindle Blastsparks       Fire/Tloc/Air  6%         2d10      36%         3
 Spider Form              Tmut/Pois      3%         N/A       36%         3
 Anguish                  Hex/Necr       8%         N/A       36%         4
 Fulminant Prism          Conj/Hex       1%         3d5       77%         4
 Iskenderun's Mystic Bla  Conj/Tloc      3%         2d3       77%         4
 Lee's Rapid Deconstruct  Erth           1%         3d4*      98%         5


Dungeon Overview and Level Annotations

Branches:
Dungeon (5/15)
 Temple: D:4-7

Altars:
Gozag
Kikubaaqudgha
Uskayaw
Xom


Innate Abilities, Weirdness & Mutations

You have sharp fingernails.
Spells you cast may paralyse adjacent enemies.


Message History

You hear a shout!
You're too confused to cast spells.
Okay, then.
You're too confused to cast spells.
Okay, then.
Unknown command.
It was a potion of curing.
You feel better. The howler monkey barely misses you.
The orc wizard gestures wildly while chanting.
The orc wizard flickers and vanishes!
Deactivating autopickup; reactivate with Ctrl-A.
The orc closely misses you.
An ufetubus comes into view.
The howler monkey hoots and howls with incredible vigour!
You hear a bark!
Casting: Vampiric Draining (dangerous; 3% risk of failure)
Confirm with . or Enter, or press ? or * to list all spells.
Aiming: Vampiric Draining (dangerous; 3% risk of failure)
Press: ? - help, Shift-Dir - straight line, f - orc
Aim: an orc, wielding a +0 mace and quivering stones You draw life force from the orc!
You kill the orc!
Kikubaaqudgha accepts your kill.
You feel life coursing into your body. Malevolent energies surge around you.
The howler monkey suddenly stops moving!
The helpless howler monkey fails to defend itself.
You scratch the howler monkey.
The howler monkey is moderately wounded.
Something hits you.
The helpless howler monkey fails to defend itself.
You scratch the howler monkey but do no damage.
The howler monkey is moderately wounded.
The howler monkey is no longer paralysed.
The ufetubus barely misses you. x2; The howler monkey hits you.
* * * LOW HITPOINT WARNING * * *
You hear some strange, mumbled words.
A magic dart appears from out of thin air!
The magic dart hits you!
You die...
Kikubaaqudgha rasps: "You have failed me!
Welcome... death!"

..........#...
.............
............
........... ..........
.........##
#....#.....).# .
#.........).h####....
###..........o{@5......
#.............#########
#......#.##.........
#........##.........
#........##†........
#...................
#......####.........
#.......#<#.........
#.......#.#.........


You could see a howler monkey (catching breath), an orc and an ufetubus.

Vanquished Creatures
  An orc priest (D:5)
  Jessica (D:2)
  Terence (D:2)
  2 adders
  A shadow imp (D:5)
  A worm (D:2)
  5 dart slugs
  2 orcs (D:5)
  6 bats
  4 endoplasms
  7 giant cockroaches
  5 goblins
  6 hobgoblins
  3 jackals (D:3)
  4 quokkas
  9 ball pythons
  3 frilled lizards
  8 kobolds
  6 rats
75 creatures vanquished.

Vanquished Creatures (collateral kills)
  A hobgoblin (D:1)
1 creature vanquished.

Vanquished Creatures (others)
  A human (D:4)
1 creature vanquished.

Grand Total: 77 creatures vanquished

Notes
Turn   | Place    | Note
-------+----------+-------------------------------------------
     0 | D:1      | Bnni the Demonspawn Necromancer began the quest for the
                  | Orb.
     0 | D:1      | Reached XP level 1. HP: 13/13 MP: 3/3
   209 | D:1      | Gained mutation: You have sharp fingernails. [demonic
                  | ancestry]
   209 | D:1      | Reached XP level 2. HP: 20/20 MP: 5/5
   550 | D:1      | Reached skill level 1 in Fighting
   737 | D:1      | Gained mutation: Spells you cast may paralyse adjacent
                  | enemies. [demonic ancestry]
   737 | D:1      | Reached XP level 3. HP: 21/26 MP: 3/6
   741 | D:1      | Learned a level 3 spell: Vampiric Draining
  1104 | D:2      | Reached skill level 5 in Necromancy
  1491 | D:2      | Found a hide-covered altar of Uskayaw.
  1658 | D:2      | Noticed Jessica
  1676 | D:2      | Killed Jessica
  1677 | D:2      | Reached skill level 1 in Unarmed Combat
  1677 | D:2      | Reached XP level 4. HP: 29/32 MP: 5/7
  1905 | D:2      | Learned a level 4 spell: Animate Dead
  1971 | D:2      | Noticed Terence
  1978 | D:2      | Killed Terence
  2654 | D:3      | Found a faded altar of an unknown god.
  2764 | D:4      | Found an opulent altar of Gozag.
  2875 | D:4      | Found an ancient bone altar of Kikubaaqudgha.
  2876 | D:4      | Noticed a human
  2878 | D:4      | Killed a human
  2881 | D:4      | Became a worshipper of Kikubaaqudgha
  2988 | D:4      | Reached XP level 5. HP: 25/38 MP: 9/9
  3056 | D:4      | Found a large runed translucent door.
  3056 | D:4      | Found a large runed translucent door.
  3057 | D:4      | Found a shimmering altar of Xom.
  3941 | D:5      | Entered Level 5 of the Dungeon
  4054 | D:5      | Killed from afar by an orc wizard

Illustrated notes

Levels and vault maps discovered:
D:1:      dpeg_arrival_prison, layout_basic
D:2:      layout_loops_corners, basic_altar, kennysheep_generic_room_16,
          uniq_jessica, uniq_terence
D:3:      layout_rooms, shapermc_ecumenical_altar_hornbeckon
D:4:      due_chaos_kobolds, layout_cave_pods, mainiacjoe_overflow_tiny_flanked,
          tgw_kikubaaqudgha, kennysheep_mini
D:5:      layout_basic, mainiacjoe_overflow_brackets,
          minmay_temple_entry_butterflies, reono_crystal_passage

Skill      XL: |  1  2  3  4 |
---------------+-------------+-----
Fighting       | 1 2 |  2.2
Necromancy     | 5 |  5.9
Unarmed Combat | 1 |  1.8
Dodging        | |  1.7
Stealth        | |  1.7
Spellcasting   | |  2.9

Action                   |  1- 3 |  4- 6 || total
-------------------------+-------+-------++-------
Melee: Mace              |    58 |       ||    58
       Punch             |     2 |       ||     2
       Unarmed           |    68 |   107 ||   175
 Cast: Necrotise         |    19 |     1 ||    20
       Vampiric Draining |       |     6 ||     6
       Animate Dead      |       |     1 ||     1
  Use: Potion            |       |     1 ||     1
 Stab: Sleeping          |    12 |     1 ||    13
       Paralysed         |     4 |    13 ||    17
Armor: Robe              |    31 |    17 ||    48
Dodge: Dodged            |    91 |    85 ||   176

Table legend: (Time is in decaauts)
 A = Elapsed time spent in this place.
 B = Non-inter-level travel time spent in this place.
 C = Inter-level travel time spent in this place.
 D = Time resting spent in this place.
 E = Time spent auto-exploring this place.
 F = Levels seen in this place.
 G = Mean time per level.
                   A        B        C        D        E       F      G
               +--------+--------+--------+--------+--------+-----+--------+
         Total |   4090 |   3948 |    142 |     39 |   3292 |   5 |  818.0 |
       Dungeon |   4090 |   3948 |    142 |     39 |   3292 |   5 |  818.0 |
               +--------+--------+--------+--------+--------+-----+--------+

Top non-repeatable levels by time:
     D:2: 1221 daAuts
     D:4: 1190 daAuts
     D:1: 1110 daAuts
     D:3: 455 daAuts
     D:5: 112 daAuts
